 Dungeon Crawl Stone Soup version 0.27-a0-686-gaed091b46b (console) character file.

Game seed: 3543773533403597679

13157 jejorda2 the Impaler (level 12, -10/88 HPs)
             Began as a Merfolk Berserker on Mar 20, 2021.
             Was an Elder of Trog.
             Mangled by Urug
             ... wielding a +4 broad axe of flaming
              (20 damage)
             ... on level 11 of the Dungeon.
             The game lasted 00:39:30 (14406 turns).

jejorda2 the Impaler (Merfolk Berserker)           Turns: 14406, Time: 00:39:31

Health: -10/88     AC: 17    Str: 22    XL:     12   Next: 3%
Magic:  12/12      EV: 13    Int:  7    God:    Trog [****..]
Gold:   32         SH:  0    Dex: 13    Spells: 11/11 levels left

rFire    + . .     SeeInvis .   a - +3 glaive
rCold    + . .     Faith    .   (shield currently unavailable)
rNeg     . . .     Spirit   .   I - +2 chain mail
rPois    +         Reflect  .   d - +2 helmet
rElec    .         Harm     .   r - scarf {rC+ rF+}
rCorr    .         Rampage  .   m - +0 pair of gloves
Will     .....                  E - +0 pair of boots
Stlth    ..........             (no amulet)
HPRegen  0.24/turn              K - ring "Taschuaf" {+Fly rPois Slay+2 Stlth+}
MPRegen  0.13/turn              D - +4 ring of evasion

@: berserk cooldown, slowed, very slow
A: (nimble swimmer 2), mertail
a: Renounce Religion, Evoke Flight, Berserk, Trog's Hand, Brothers in Arms


You were on level 11 of the Dungeon.
You worshipped Trog.
Trog was greatly pleased with you.
You visited 2 branches of the dungeon, and saw 12 of its levels.
You visited 1 bazaar.

You collected 518 gold pieces.
You spent 486 gold pieces at shops.

Inventory:

Hand Weapons
 a - a +3 glaive (weapon)
 b - the +1 trident "Louqar" {holy, rElec Dex+2}
   (You took it off an orc warrior on level 9 of the Dungeon)

   It has been blessed by the Shining One to cause great damage to the undead
   and demons.
   It affects your dexterity (+2).
   It insulates you from electricity.
 k - the +12 war axe "Iraom" {flame, Dex+5}
   (You found it on level 10 of the Dungeon)

   It has been specially enchanted to burn those struck by it, causing extra
   injury to most foes and up to half again as much damage against particularly
   susceptible opponents.
   Big, fiery blades are also staple armaments of hydra-hunters.
   It affects your dexterity (+5).
Missiles
 g - 345 stones (quivered)
 o - 2 curare-tipped darts
 B - 38 poisoned darts
 J - 8 boomerangs of dispersal
Armour
 d - a +2 helmet (worn)
 m - a +0 pair of gloves (worn)
 n - +0 acid dragon scales
 r - a scarf of resistance (worn)
 E - a +0 pair of boots (worn)
 I - a +2 chain mail (worn)
Jewellery
 A - a ring of see invisible
 D - a +4 ring of evasion (left hand)
 F - a +6 ring of strength
 G - a +4 ring of evasion
 K - the ring "Taschuaf" (right hand) {+Fly rPois Slay+2 Stlth+}
   (You found it in a bazaar)

   [ring of flight]

   It affects your accuracy and damage with ranged weapons and melee attacks
   (+2).
   It protects you from poison.
   It lets you fly.
   It makes you more stealthy.
Wands
 t - a wand of random effects (47)
 u - a wand of polymorph (10)
 y - a wand of flame (16)
 C - a wand of paralysis (22)
 L - a wand of iceblast (8)
Scrolls
 e - a scroll of fear
 h - 2 scrolls of vulnerability
 q - 8 scrolls of teleportation
 s - a scroll of identify
 v - 2 scrolls of immolation
 w - a scroll of magic mapping
Potions
 c - 2 potions of berserk rage
 f - 7 potions of curing
 i - 2 potions of flight
 j - 2 potions of lignification
 l - a potion of might
 p - 2 potions of attraction
 x - a potion of heal wounds
 z - a potion of haste
 H - a potion of mutation


   Skills:
 - Level 6.0 Fighting
 * Level 19.9 Polearms
 - Level 6.0 Throwing
 - Level 6.0 Armour
 - Level 2.6 Dodging
 - Level 3.0 Evocations


You had 11 spell levels left.
You didn't know any spells.
Your spell library was empty.

Dungeon Overview and Level Annotations

Branches:
Dungeon (11/15)            Temple (0/1) D:6            Lair (1/6) D:10
    Orc: D:9-12

Altars:
Cheibriados
Fedhas
Gozag
Kikubaaqudgha
Nemelex Xobeh
Qazlal
Ru
Sif Muna
Trog
Xom
Zin
Beogh

Shops:
D:6 *(   D:10 *

Annotations:
D:2 exclusion: oklob plant
D:11 Urug


Innate Abilities, Weirdness & Mutations

((You are quick and stealthy while swimming. (Stealth+, EV+, Speed+++)))
Your lower body shifts to a powerful aquatic tail in water.


Message History

Press: ? - help, Dir - move target, f - you That would be overly suicidal.
Okay, then.
Unknown command.
You are no longer berserk.
You are exhausted.
You feel yourself slow down.
You see here a curare-tipped dart.
Reach: a) +3 glaive
Press: ? - help, Dir - move target, f - green ugly thing
Aim: a green ugly thing (about 30% to evade your +3 glaive)
You slash the green ugly thing!
The green ugly thing is lightly wounded.
The green ugly thing barely misses you.
The green ugly thing punches you but does no damage.
Urug squints and screams, "I know a harpy when I see one!"
Urug hits you with a +4 broad axe of flaming!
Urug burns you.
You see here an ugly thing corpse.
You closely miss Urug.
A deep elf pyromancer comes into view. It is wielding a +0 long sword.
Urug barely misses you.
You fail to use your ability.
The deep elf pyromancer mumbles some strange words.
The deep elf pyromancer blinks!
Urug hits you but does no damage.
You fail to use your ability.
Urug hits you with a +4 broad axe of flaming!
Urug burns you.
The deep elf pyromancer gestures wildly while chanting.
The deep elf pyromancer blinks!
Urug hits you with a +4 broad axe of flaming!
Urug burns you.
You fail to use your ability.
Urug closely misses you.
You fail to use your ability.
Urug hits you with a +4 broad axe of flaming!!
* * * LOW HITPOINT WARNING * * *
Urug burns you.
* * * LOW HITPOINT WARNING * * *
Urug hits you with a +4 broad axe of flaming!!
You die...

**,*,,**,,,,,*♣...♣
#^#
**,*,***,,,,,#♣...♣#
#.#
,,,*+*,,,,≈,,,.....*
#.#
****,*,*,,,,,*♣e..♣*
#.# *
*,,*,*,,,,,*♣.(.♣
#.# *
*,,*,**,,,**♣.(.♣
#.#####
***+**,***,** ♣.u.♣
##.#...# ,*,,,,,*
*,* ♣♣o♣♣ ##.#..≈≈≈
**,***,* *,* ♣@♣
######.###≈≈≈≈
**,,,,,* *,* ♣.♣
#.....## #≈≈<≈
***,*** *** ##.#
#....<.###≈≈∩≈ *,**
#♣..♣ #.......#.≈≈>≈
**,,**
#.≈≈♣♣##.#####..≈≈≈≈
**,,,,** #.≈≈⌠♣#.#.#
####≈≈≈ **,,**,,**
#.≈..♣##.## #..#
*,,****,,** #[.♣♣♣
#.## #...
,,******,,**
#♣...♣##..#### #..#


You could see Urug, a green ugly thing and a deep elf pyromancer.

Vanquished Creatures
  A hydra (D:11)
  2 unseen horrors (D:10)
  Pikel (D:9)
  A cyclops (D:9)
  An ugly thing (D:11)
  3 centaur zombies
  A gargoyle (D:8)
  A centaur skeleton (D:10)
  Maggie (D:7)
  A komodo dragon (D:11)
  4 trolls
  A hornet (D:7)
  Sigmund (D:2)
  A vampire (D:10)
  A wraith (D:11)
  A basilisk (D:11)
  4 ice beasts
  3 orc warriors
  3 sky beasts (D:8)
  6 black bears
  A necrophage (D:10)
  5 ogres
  5 centaurs
  3 phantoms
  4 kobold brigands
  Blork the orc (D:4)
  8 bullfrogs
  5 jellies
  2 water moccasin skeletons
  3 scorpions
  5 killer bees (D:8)
  11 wights
  3 howler monkeys
  2 electric eels
  A bullfrog zombie (D:11)
  5 orc priests
  3 bullfrog skeletons
  3 hounds
  A gnoll shaman (D:5)
  3 iguanas
  Terence (D:2)
  5 worker ants
  7 orc wizards
  A hound skeleton (D:7)
  A hound zombie (D:5)
  A mummy (D:5)
  3 worker ant zombies
  Robin (D:2)
  8 gnolls
  12 adders
  A howler monkey skeleton (D:9)
  5 shadow imps
  3 white imps
  3 ufetubi
  3 oozes
  An adder skeleton (D:7)
  An adder zombie (D:5)
  2 worms
  5 dart slugs
  7 leopard geckos
  30 orcs
  7 bats
  10 giant cockroaches
  17 goblins
  12 hobgoblins
  10 jackals
  21 kobolds
  6 quokkas
  A ball python (D:4)
  3 frilled lizards
  A jackal skeleton (D:7)
  A jackal zombie (D:3)
  A kobold zombie (D:5)
  3 orc zombies (D:5)
  A quokka zombie (D:7)
  5 rats
312 creatures vanquished.

Vanquished Creatures (collateral kills)
  The ghost of Snicker the Covert, a novice DsBr of Gozag (D:9)
  2 orc warriors (D:9)
  An orc priest (D:9)
  3 orcs (D:9)
7 creatures vanquished.

Vanquished Creatures (others)
  11 plants (D:11)
11 creatures vanquished.

Grand Total: 330 creatures vanquished

Notes
Turn   | Place    | Note
-------+----------+-------------------------------------------
     0 | D:1      | jejorda2 the Merfolk Berserker began the quest for the Orb.
     0 | D:1      | Reached XP level 1. HP: 18/18 MP: 1/1
   123 | D:1      | Reached XP level 2. HP: 19/24 MP: 2/2
   671 | D:1      | Reached XP level 3. HP: 9/29 MP: 3/3
   990 | D:1      | Reached ** piety under Trog
   991 | D:1      | Reached skill level 5 in Polearms
  1384 | D:2      | Noticed Terence
  1396 | D:2      | Killed Terence
  1555 | D:2      | Reached XP level 4. HP: 37/37 MP: 4/4
  1574 | D:2      | Found a sacrificial altar of Ru.
  1650 | D:2      | Noticed Robin
  1650 | D:2      | Noticed Sigmund
  1673 | D:2      | Killed Sigmund
  1674 | D:2      | Reached skill level 7 in Polearms
  1674 | D:2      | Reached XP level 5. HP: 41/43 MP: 5/5
  1674 | D:2      | Reached XP level 6. HP: 47/49 MP: 6/6
  1686 | D:2      | Killed Robin
  2028 | D:2      | Found a blossoming altar of Fedhas.
  2051 | D:2      | Noticed an oklob plant
  2872 | D:3      | Reached *** piety under Trog
  2916 | D:3      | Found an opulent altar of Gozag.
  3620 | D:3      | Reached skill level 5 in Fighting
  3620 | D:3      | Reached skill level 8 in Polearms
  3701 | D:3      | Found a stormy altar of Qazlal.
  3755 | D:3      | Reached XP level 7. HP: 56/56 MP: 7/7
  4179 | D:4      | Found an ancient bone altar of Kikubaaqudgha.
  4588 | D:4      | Noticed Blork the orc
  4597 | D:4      | Killed Blork the orc
  4598 | D:4      | Reached skill level 9 in Polearms
  4752 | D:4      | Reached **** piety under Trog
  5008 | D:4      | Reached skill level 1 in Evocations
  5020 | D:4      | Reached XP level 8. HP: 44/64 MP: 8/8
  5332 | D:5      | Entered Level 5 of the Dungeon
  5890 | D:5      | Reached skill level 10 in Polearms
  6850 | D:6      | Reached skill level 11 in Polearms
  6856 | D:6      | Found a staircase to the Ecumenical Temple.
  7134 | D:6      | Found Zin's Purification Station.
  7134 | D:6      | Found a glowing silver altar of Zin.
  7195 | D:6      | Reached XP level 9. HP: 59/69 MP: 9/9
  7324 | D:6      | Found Vesacs's Antique Weapon Shoppe.
  7340 | D:6      | Bought a glaive for 162 gold pieces
  7430 | D:6      | Reached skill level 12 in Polearms
  7459 | D:7      | Noticed a hornet
  7474 | D:7      | Killed a hornet
  7767 | D:6      | Bought a glowing halberd for 175 gold pieces
  7800 | D:7      | Noticed Maggie
  7810 | D:7      | Killed Maggie
  7811 | D:7      | Reached skill level 5 in Armour
  7877 | D:7      | Reached skill level 13 in Polearms
  8810 | D:8      | Found a sparkling altar of Nemelex Xobeh.
  8833 | D:8      | Noticed a gargoyle
  8859 | D:8      | Killed a gargoyle
  8860 | D:8      | Reached skill level 14 in Polearms
  8865 | D:8      | Reached XP level 10. HP: 76/76 MP: 10/10
  8952 | D:8      | Found a shimmering altar of Xom.
  8953 | D:8      | Found a shimmering altar of Xom.
  8960 | D:8      | Found a snail-covered altar of Cheibriados.
  9041 | D:8      | Found a shimmering blue altar of Sif Muna.
  9063 | D:8      | Reached ***** piety under Trog
  9203 | D:8      | Reached skill level 15 in Polearms
 10161 | D:9      | Received a gift from Trog
 10372 | D:9      | Found a bloodstained altar of Trog.
 10379 | D:9      | Reached skill level 1 in Throwing
 10383 | D:9      | Reached skill level 16 in Polearms
 10551 | D:9      | Noticed Pikel
 10576 | D:9      | Killed Pikel
 10643 | D:9      | Noticed a cyclops
 10652 | D:9      | Killed a cyclops
 11189 | D:9      | Found a runed translucent gate.
 11189 | D:9      | Found a runed translucent gate.
 11190 | D:9      | Found a runed translucent gate.
 11192 | D:9      | Identified the +1 trident "Louqar" {holy, rElec Dex+2}
 11197 | D:9      | Noticed Snicker's ghost (novice DsBr)
 11327 | D:9      | You fall into a shaft and drop 1 floor!
 11327 | D:10     | Entered Level 10 of the Dungeon
 11336 | D:10     | Reached skill level 17 in Polearms
 11546 | D:10     | Reached XP level 11. HP: 61/81 MP: 11/11
 12069 | D:9      | Killed Snicker's ghost
 12207 | D:10     | Noticed an unseen horror
 12211 | D:10     | Killed an unseen horror
 12394 | D:10     | Reached skill level 18 in Polearms
 12394 | D:10     | Reached skill level 5 in Throwing
 12465 | D:10     | Found Upieh's General Store.
 12473 | D:10     | Bought a potion of degeneration for 15 gold pieces
 12517 | D:10     | Noticed an unseen horror
 12526 | D:10     | Killed an unseen horror
 12625 | D:10     | Identified the +12 war axe "Iraom" {flame, Dex+5}
 12808 | D:10     | Found a staircase to the Lair.
 13352 | D:11     | Reached skill level 19 in Polearms
 13550 | D:11     | Noticed an eight-headed hydra
 13557 | D:11     | Killed a four-headed hydra
 13560 | D:11     | Found a flickering gateway to a bazaar.
 13579 | Bazaar   | Entered a bazaar
 13580 | Bazaar   | Identified the ring "Taschuaf" {+Fly rPois Slay+2 Stlth+}
 13598 | Bazaar   | Found Weoc's Magic Scroll Shop.
 13760 | Bazaar   | Found Zaitz's Distillery.
 13780 | Bazaar   | Found Asetoit's Distillery.
 13800 | Bazaar   | Found Hemypi's Magic Scroll Shop.
 13805 | Bazaar   | Bought a scroll of enchant armour for 67 gold pieces
 13805 | Bazaar   | Bought a scroll of enchant weapon for 67 gold pieces
 14114 | Lair:1   | Entered Level 1 of the Lair of Beasts
 14386 | D:11     | Noticed a brown ugly thing
 14394 | D:11     | Noticed a green ugly thing
 14395 | D:11     | Killed a brown ugly thing
 14396 | D:11     | Reached XP level 12. HP: 88/88 MP: 12/12
 14396 | D:11     | Noticed Urug
 14406 | D:11     | Mangled by Urug

Illustrated notes

Levels and vault maps discovered:
D:1:      dpeg_arrival_oval, layout_loops_ring, chequers_serial_rivers_marsh
D:2:      layout_basic, lemuel_doored_altar, tgw_fedhas, uniq_terence,
          uniq_sigmund, uniq_robin
D:3:      layout_loops_corners, lemuel_round_altar, lemuel_crystal_altar,
          kennysheep_generic_room_2
D:4:      layout_loops_cross, overflow_temple_1_default, uniq_blork_the_orc
D:5:      layout_loops_corners, minmay_mini_ossuary
D:6:      layout_rooms, zin_purify, minmay_temple_entry_mini_moons,
          serial_shops, shop
D:7:      layout_rooms, kennysheep_cluttered_room, nrook_pool_corridor,
          serial_park_tiny_1, uniq_maggie
D:8:      layout_gridville, old_standard_altar, xom_redecorated,
          nicolae_overflow_crystal_walls, basic_altar
D:9:      layout_layer_cave, biasface_ghost_orc_armoury, trog_ov_bears_minmay,
          uniq_pikel
D:10:     layout_basic, lair_entry_dummy, serial_co_window_serial,
          co_window_paths_b, co_window_of_opportunity_a, co_window_paths_b,
          co_window_corner_a, co_window_paths_b, co_window_corner_b,
          co_window_corner_ca, co_window_broadway_c, co_window_2corner,
          co_window_2corner, glass_columns_a, glass_columns_c, glass_columns_a,
          glass_columns_c, glass_columns_c, serial_shops, shop
D:11:     nzn_winding_woodlands_huge [nzn_winding_woodlands_5x15_lazy_stream,
          nzn_winding_woodlands_5x15_sidewinder,
          nzn_winding_woodlands_5x15_sawtooth,
          nzn_winding_woodlands_5x15_concentric,
          nzn_winding_woodlands_5x15_longhouse, nzn_winding_woodlands_5x15_eye,
          nzn_winding_woodlands_5x15_cabin,
          nzn_winding_woodlands_5x15_pathside_ponds,
          nzn_winding_woodlands_5x15_default, nzn_winding_woodlands_5x15_garden,
          nzn_winding_woodlands_center_lodge,
          nzn_winding_woodlands_center_diamonds,
          nzn_winding_woodlands_15x15_thick_spiral], layout_loops_ring,
          serial_shops, bzr_entry_islet, trove_entry_hex_spiral, uniq_urug
Lair:1:   layout_cave_shapes, gammafunk_ghost_icy, uniq_nergalle, uniq_joseph

Skill      XL: |  1  2  3  4  5  6  7  8  9 10 11 |
---------------+----------------------------------+-----
Armour         | 2 3 4 5 6 |  6.0
Polearms       | 5 7 8 9 11 14 17 19 | 19.9
Fighting       | 4 5 6 |  6.0
Evocations     | 1 3 |  3.0
Throwing       | 3 6 |  6.0
Dodging        | |  2.6

Action                   |  1- 3 |  4- 6 |  7- 9 | 10-12 || total
-------------------------+-------+-------+-------+-------++-------
Melee: Spear             |   103 |   133 |       |       ||   236
       Halberd           |       |    45 |   258 |       ||   303
       Glaive            |       |       |   104 |   423 ||   527
       Trident           |       |       |       |    41 ||    41
       War axe           |       |       |       |     5 ||     5
Throw: Stone             |     5 |       |       |     3 ||     8
       Dart              |       |       |     2 |     6 ||     8
Invok: Berserk           |     2 |     3 |     7 |     4 ||    16
       Trog's Hand       |       |     2 |     1 |     3 ||     6
       Brothers in Arms  |       |       |       |     2 ||     2
Evoke: Wand              |       |       |     1 |       ||     1
  Use: Scroll            |       |       |    21 |     6 ||    27
       Potion            |       |       |     1 |       ||     1
 Stab: Sleeping          |     3 |       |     2 |       ||     5
Armor: Animal skin       |     6 |       |       |       ||     6
       Ring mail         |     7 |    13 |       |       ||    20
       Chain mail        |       |    40 |    62 |    84 ||   186
       Acid dragon scale |       |       |    14 |       ||    14
       Steam dragon scal |       |       |    24 |    81 ||   105
       Plate armour      |       |       |       |    31 ||    31
Dodge: Dodged            |    33 |    37 |   162 |   318 ||   550

Table legend: (Time is in decaauts)
 A = Elapsed time spent in this place.
 B = Non-inter-level travel time spent in this place.
 C = Inter-level travel time spent in this place.
 D = Time resting spent in this place.
 E = Time spent auto-exploring this place.
 F = Levels seen in this place.
 G = Mean time per level.
                   A        B        C        D        E       F      G
               +--------+--------+--------+--------+--------+-----+--------+
         Total |  14369 |  13629 |    740 |   1404 |  10011 |  13 | 1105.3 |
       Dungeon |  14125 |  13385 |    740 |   1401 |   9812 |  11 | 1284.1 |
          Lair |      1 |      1 |      0 |      0 |      0 |   1 |    1.0 |
        Bazaar |    242 |    242 |      0 |      3 |    199 |   1 |  242.0 |
               +--------+--------+--------+--------+--------+-----+--------+

Top non-repeatable levels by time:
     D:9: 1690 daAuts
    D:10: 1575 daAuts
     D:5: 1507 daAuts
     D:3: 1496 daAuts
     D:1: 1469 daAuts
     D:7: 1420 daAuts
     D:4: 1222 daAuts
     D:8: 1186 daAuts
     D:2: 1144 daAuts
     D:6: 719 daAuts
    D:11: 692 daAuts
  Bazaar: 242 daAuts
  Lair:1: 1 daAuts
